 Dungeon Crawl Stone Soup version 0.29.0-11-gd7f09526c8 (webtiles) character file.

Game seed: 1086348367399034416

1584 gelatine the Skirmisher (level 8, -3/71 HPs)
             Began as a Minotaur Hunter on Sept 3, 2022.
             Killed by divine providence
             ... invoked by an orc priest
              (17 damage)
             ... on level 6 of the Dungeon.
             The game lasted 00:10:24 (4937 turns).

gelatine the Skirmisher (Minotaur Hunter)           Turns: 4937, Time: 00:10:25

Health: -3/71      AC:  6    Str: 17    XL:     8   Next: 61%
Magic:  7/7        EV: 13    Int:  6    God:
Gold:   318        SH:  0    Dex: 15    Spells: 7/7 levels left

rFire   . . .      SeeInvis .   a - +0 shortbow
rCold   + . .      Faith    .   (shield currently unavailable)
rNeg    . . .      Spirit   .   w - +2 robe {rC+}
rPois   .          Reflect  .   (helmet restricted)
rElec   .          Harm     .   u - +0 cloak
rCorr   .          Rampage  .   q - +0 pair of gloves
Will    .....                   (no boots)
Stlth   ++........              (no amulet)
HPRegen 0.21/turn               (no ring)
MPRegen 0.10/turn               (no ring)

@: no status effects
A: horns 2, retaliatory headbutt
a: no special abilities


You were on level 6 of the Dungeon.
You visited 2 branches of the dungeon, and saw 7 of its levels.

You collected 318 gold pieces.

Inventory:

Hand Weapons
 a - a +0 shortbow (weapon)
 v - a +5 vampiric scythe
Armour
 q - a +0 pair of gloves (worn)
 u - a +0 cloak (worn)
 w - a +2 robe of cold resistance (worn)
Jewellery
 x - an amulet of faith
Wands
 g - a wand of light (6)
 z - a wand of flame (23)
Scrolls
 b - 3 scrolls of immolation
 c - 2 scrolls of noise {unknown}
 d - 2 scrolls of teleportation
 f - a scroll of poison
 h - a scroll of magic mapping
 l - a scroll of enchant weapon
 n - a scroll of fear
Potions
 e - 3 potions of heal wounds
 i - 4 potions of curing {unknown}
 j - 2 potions of degeneration {unknown}
 k - 2 potions of might {unknown}
 m - a potion of resistance {unknown}
 o - 2 potions of magic {unknown}
 p - 2 potions of lignification {unknown}
 r - a potion of berserk rage {unknown}
 s - a potion of brilliance {unknown}
 t - a potion of attraction {unknown}


   Skills:
 + Level 6.4 Fighting
 + Level 10.7 Ranged Weapons
 + Level 2.9 Armour
 + Level 3.1 Dodging
 + Level 1.5 Stealth


You had 7 spell levels left.
You didn't know any spells.
Your spell library contained the following spells:

 Spells                   Type           Power      Damage    Failure   Level
 Beastly Appendage        Tmut           0%         N/A       45%         1
 Magic Dart               Conj           0%         1d3       45%         1
 Call Imp                 Summ           0%         N/A       58%         2
 Sublimation of Blood     Necr           0%         N/A       58%         2
 Wereblood                Tmut           0%         N/A       58%         2
 Gell's Gravitas          Tloc           0%         N/A       83%         3
 Mephitic Cloud           Conj/Pois/Air  0%         N/A       83%         3
 Spider Form              Tmut/Pois      0%         N/A       83%         3
 Teleport Other           Tloc           0%         N/A       83%         3
 Dispersal                Tloc           0%         N/A       100%        6
 Summon Hydra             Summ           0%         N/A       100%        7


Dungeon Overview and Level Annotations

Branches:
Dungeon (6/15)             Temple (1/1) D:5

Altars:
Dithmenos
Fedhas
Gozag
Hepliaklqana
Kikubaaqudgha
Makhleb
Nemelex Xobeh
Okawaru
Qazlal
Sif Muna
Trog
Uskayaw
Vehumet
Wu Jian
Xom
Yredelemnul
Zin
The Shining One


Innate Abilities, Weirdness & Mutations

You have a pair of horns on your head.
You reflexively headbutt those who attack you in melee.


Message History

You shoot an arrow. The arrow hits the orc priest.
The orc priest is severely wounded.
The orc priest hits you with a +0 club.
* * * LOW HITPOINT WARNING * * *
Fire: a) +0 shortbow
Press: ? - help, Q - select action, (/) - cycle Shift-Dir - straight line, f/p - orc priest
Aim: an orc priest, wielding a +0 club and wearing a +0 leather armour (severely wounded, 67% to hit)
You shoot an arrow. The arrow hits the orc priest.
The orc priest is almost dead.
The orc priest hits you but does no damage.
Fire: a) +0 shortbow
Press: ? - help, Q - select action, (/) - cycle Shift-Dir - straight line, f/p - orc priest
Aim: an orc priest, wielding a +0 club and wearing a +0 leather armour (almost dead, 67% to hit)
You shoot an arrow.
The arrow hits the orc priest but does no damage.
The orc priest is almost dead.
The orc priest miscasts a cantrip.
Fire: a) +0 shortbow
Press: ? - help, Q - select action, (/) - cycle Shift-Dir - straight line, f/p - orc priest
Aim: an orc priest, wielding a +0 club and wearing a +0 leather armour (almost dead, 67% to hit)
You shoot an arrow.
The arrow hits the orc priest but does no damage.
The orc priest is almost dead.
The orc priest hits you but does no damage.
Fire: a) +0 shortbow
Press: ? - help, Q - select action, (/) - cycle Shift-Dir - straight line, f/p - orc priest
Aim: an orc priest, wielding a +0 club and wearing a +0 leather armour (almost dead, 67% to hit)
You shoot an arrow. The arrow hits the orc priest.
The orc priest is almost dead.
The orc priest hits you with a +0 club.
* * * LOW HITPOINT WARNING * * *
Fire: a) +0 shortbow
Press: ? - help, Q - select action, (/) - cycle Shift-Dir - straight line, f/p - orc priest
Aim: an orc priest, wielding a +0 club and wearing a +0 leather armour (almost dead, 67% to hit)
You shoot an arrow.
The arrow hits the orc priest but does no damage.
The orc priest is almost dead.
The orc priest calls down the wrath of Beogh upon you.
Beogh smites you!
You die...

...........#...#
........##.#...###...#
........##.###...+...+
............##.###...#
............##'###...#
...##...........#...###
#...........#...#..
#...........#...#..
#)@.........'...#..
.)....o..........#...#..
.)...............#.###..
.................#.# #.†
######...........#.###..
#...........#...'..
#...........#####..
#######.....'.)....
#.....##.....


You could see an orc priest.

Vanquished Creatures
  Sigmund (D:4)
  An ice beast (D:6)
  An orc warrior (D:6)
  2 black bears
  A sky beast (D:5)
  A centaur (D:6)
  A phantom (D:2)
  Blork the orc (D:4)
  2 bullfrogs
  2 necrophages (D:5)
  A scorpion (D:5)
  2 jellies
  3 hounds
  An orc priest (D:6)
  3 iguanas
  2 orc wizards
  An adder (D:6)
  A shadow imp (D:6)
  An ufetubus (D:5)
  3 worms
  4 dart slugs
  10 orcs
  2 bat zombies (D:5)
  9 endoplasms
  2 giant cockroaches
  6 goblins
  8 hobgoblins
  5 jackals
  2 quokkas
  10 ball pythons
  2 bats
  5 frilled lizards
  3 kobolds
  6 rats
105 creatures vanquished.

Notes
Turn   | Place    | Note
-------+----------+-------------------------------------------
     0 | D:1      | gelatine the Minotaur Hunter began the quest for the Orb.
     0 | D:1      | Reached XP level 1. HP: 18/18 MP: 0/0
    63 | D:1      | Found a faded altar of an unknown god.
   276 | D:1      | Reached XP level 2. HP: 25/25 MP: 1/1
   327 | D:1      | Reached skill level 5 in Ranged Weapons
  1014 | D:1      | Reached XP level 3. HP: 30/30 MP: 2/2
  1244 | D:2      | Noticed a phantom
  1258 | D:2      | Killed a phantom
  1259 | D:2      | Reached skill level 6 in Ranged Weapons
  1259 | D:2      | Reached skill level 1 in Armour
  1259 | D:2      | Reached skill level 1 in Stealth
  1259 | D:2      | Reached XP level 4. HP: 34/38 MP: 3/3
  1746 | D:3      | Reached XP level 5. HP: 42/45 MP: 4/4
  1896 | D:3      | Noticed a black bear
  1904 | D:3      | Killed a black bear
  1905 | D:3      | Reached skill level 7 in Ranged Weapons
  1905 | D:3      | Reached XP level 6. HP: 37/52 MP: 5/5
  2198 | D:4      | Noticed Sigmund
  2522 | D:4      | Noticed Blork the orc
  2607 | D:4      | Killed Blork the orc
  2668 | D:4      | Reached skill level 8 in Ranged Weapons
  2898 | D:4      | Killed Sigmund
  2899 | D:4      | Reached XP level 7. HP: 58/60 MP: 6/6
  3278 | D:5      | Entered Level 5 of the Dungeon
  3322 | D:5      | Reached skill level 9 in Ranged Weapons
  3337 | D:5      | Found an ancient bone altar of Kikubaaqudgha.
  3404 | D:5      | Found a staircase to the Ecumenical Temple.
  3413 | D:5      | Reached skill level 5 in Fighting
  3431 | Temple   | Entered the Ecumenical Temple
  3785 | D:5      | Reached XP level 8. HP: 59/68 MP: 7/7
  3974 | D:5      | Found a hide-covered altar of Uskayaw.
  4611 | D:6      | Reached skill level 10 in Ranged Weapons
  4937 | D:6      | Killed from afar by an orc priest

Illustrated notes

Levels and vault maps discovered:
D:1:      dpeg_arrival_central, layout_basic,
          shapermc_ecumenical_altar_totnotflames
D:2:      layout_basic
D:3:      layout_basic
D:4:      layout_rooms, uniq_sigmund, uniq_blork_the_orc
D:5:      layout_loops_ring, eat_drink_and_be_merry_uskayaw,
          lemuel_zombie_altar_kikubaaqudgha, minmay_temple_entry_grid,
          amcnicky_mini_corridor_feature, serial_park_tiny_1
D:6:      layout_basic
Temple:   eino_temple_rhombus

Skill      XL: |  1  2  3  4  5  6  7  8 |
---------------+-------------------------+-----
Ranged Weapons | 5 6 7 8 9 10 | 10.7
Fighting       | 3 4 5 6 |  6.4
Armour         | 1 2 |  2.9
Stealth        | 1 |  1.5
Dodging        | 3 |  3.1

Action                   |  1- 3 |  4- 6 |  7- 9 || total
-------------------------+-------+-------+-------++-------
Melee: Shortbow          |       |     2 |       ||     2
 Fire: Shortbow          |    71 |   159 |   166 ||   396
Evoke: Wand              |       |       |     1 ||     1
  Use: Scroll            |       |       |     6 ||     6
       Potion            |       |       |     1 ||     1
Armor: Leather armour    |     4 |    35 |       ||    39
       Robe              |       |       |    19 ||    19
Dodge: Dodged            |    15 |    41 |    39 ||    95
